 Dungeon Crawl Stone Soup version 0.21-a0-94-gdd6ab6a (webtiles) character file.

165 nikopol the Firebug (level 5, -1/28 HPs)
             Began as a Deep Elf Fire Elementalist on July 2, 2017.
             Slain by a jackal (2 damage)
             ... on level 3 of the Dungeon.
             The game lasted 00:10:47 (1995 turns).

nikopol the Firebug (Deep Elf Fire Elementalist)    Turns: 1995, Time: 00:10:48

Health: -1/28      AC:  3    Str:  5    XL:     5   Next: 21%
Magic:  6/13       EV: 13    Int: 21    God:
Gold:   89         SH:  0    Dex: 15    Spells: 1/12 levels left

rFire    . . .     SeeInvis .   p - +0 short sword
rCold    . . .     Gourm    .   (no shield)
rNeg     . . .     Faith    .   a - +0 robe
rPois    .         Spirit   .   (no helmet)
rElec    .         Reflect  .   (no cloak)
rCorr    .         Harm     .   l - +0 pair of gloves
MR       .....                  (no boots)
Stlth    ++........             (no amulet)
HPRegen  0.09/turn              (no ring)
MPRegen  0.13/turn              (no ring)

@: lethally poisoned (-1 -> -10)
A: no striking features
a: no special abilities


You were on level 3 of the Dungeon.
You were not hungry.

You visited 1 branch of the dungeon, and saw 3 of its levels.

You collected 89 gold pieces.

Inventory:

Hand Weapons
 p - a +0 short sword (weapon)
Armour
 a - a +0 robe (worn)
 l - a +0 pair of gloves (worn)
Scrolls
 g - a scroll of immolation {unknown}
 h - a scroll of enchant weapon {unknown}
 j - a scroll of fog {unknown}
 m - a scroll of enchant armour {unknown}
 n - a scroll of identify {unknown}
Potions
 e - a potion of might {unknown}
 f - a potion of curing {unknown}
 k - 2 potions of mutation {unknown}
 o - a potion of haste {unknown}
Books
 b - a book of Flames

   Spells                             Type                      Level
   a - Flame Tongue                   Conjuration/Fire             1
   b - Throw Flame                    Conjuration/Fire             2
   c - Conjure Flame                  Conjuration/Fire             3
   d - Inner Flame                    Hexes/Fire                   3
   e - Sticky Flame                   Conjuration/Fire             4
   f - Fireball                       Conjuration/Fire             5
Comestibles
 c - a bread ration
 d - a fruit


   Skills:
 + Level 3.1 Dodging
 + Level 2.8 Stealth
 + Level 4.4 Spellcasting
 + Level 2.5 Conjurations
 + Level 4.8 Fire Magic


You had one spell level left.
You knew the following spells:

 Your Spells              Type           Power        Failure   Level  Hunger
a - Flame Tongue          Conj/Fire      ###..        2%          1    None
b - Throw Flame           Conj/Fire      ###...       3%          2    #......
c - Conjure Flame         Conj/Fire      ###.....     8%          3    ##.....
d - Fireball              Conj/Fire      ###.......   56%         5    ######.


Dungeon Overview and Level Annotations

Branches:
Dungeon (3/15)

Altars:
Kikubaaqudgha

Annotations:
D:3 Robin


Message History

The jackal bites you but does no damage.
Casting: Flame Tongue
Confirm with . or Enter, or press ? or * to list all spells.
Aiming: Flame Tongue
Press: ? - help, Shift-Dir - straight line, f/p - jackal
Aim: a jackal The flame tongue hits the jackal.
The jackal appears unharmed.
* * * LOW HITPOINT WARNING * * *
You feel sick. The jackal closely misses you. The jackal bites you.
* * * LOW HITPOINT WARNING * * *
Casting: Flame Tongue
Confirm with . or Enter, or press ? or * to list all spells.
Aiming: Flame Tongue
Press: ? - help, Shift-Dir - straight line, f/p - jackal
Aim: a jackal The flame tongue hits the jackal.
The jackal is moderately wounded.
* * * LOW HITPOINT WARNING * * *
You feel sick. The jackal bites you.
You die...

.##h#.....# #.##
*#.# .##.#.....#
##.###.##
....#######
##.#.#* h######
##.#* ).....# #.#
.####.# #.#
##***,******** #.#
..,,,,,,,,,,,* #†#
##.#*,*,*,**,**#@#
.,,#*,*,*.....†h.#
.,,,,,*,*###.#####
##***,*,,,,,,*
.,,,,,********
*******


You could see a jackal.

Vanquished Creatures
  A vampire bat (D:2)
  A worker ant (D:3)
  4 adders (D:2)
  3 worms (D:2)
  2 dart slugs
  A leopard gecko (D:2)
  2 orcs (D:3)
  7 bats
  2 bat skeletons (D:2)
  2 bat zombies (D:2)
  4 hobgoblins
  7 jackals
  3 frilled lizards (D:2)
  9 goblins
  2 kobolds (D:2)
  3 rats
53 creatures vanquished.

Notes
Turn   | Place    | Note
-------+----------+-------------------------------------------
     0 | D:1      | nikopol the Deep Elf Fire Elementalist began the quest for the Orb.
     0 | D:1      | Reached XP level 1. HP: 10/10 MP: 6/6
   459 | D:1      | Reached XP level 2. HP: 15/15 MP: 5/8
   578 | D:1      | Learned a level 2 spell: Throw Flame
   753 | D:2      | Reached XP level 3. HP: 19/19 MP: 3/9
  1108 | D:2      | Found an ancient bone altar of Kikubaaqudgha.
  1116 | D:2      | Reached XP level 4. HP: 22/24 MP: 1/11
  1395 | D:2      | Learned a level 3 spell: Conjure Flame
  1533 | D:3      | Noticed Robin
  1919 | D:2      | Reached XP level 5. HP: 24/28 MP: 4/13
  1926 | D:2      | Learned a level 5 spell: Fireball
  1995 | D:3      | HP: 1/28 [poisoned by a worker ant]
  1995 | D:3      | Slain by a jackal

Vault maps used:
D:1:      lightli_arrival_quake
D:2:      kennysheep_vampire_church
D:3:      kennysheep_okawaru_gauntlet, portal_sewer_entry_a,
          nemelex_diamond_rough_becter, uniq_robin, uniq_crazy_yiuf_cottage

Skill      XL: |  1  2  3  4 |
---------------+-------------+-----
Fire Magic     | 4 |  4.8
Spellcasting   | 4 |  4.4
Conjurations   | 2 |  2.5
Dodging        | 3 |  3.1
Stealth        | |  2.8

Action                   |  1- 3 |  4- 6 || total
-------------------------+-------+-------++-------
Melee: Short sword       |       |     1 ||     1
 Cast: Flame Tongue      |    45 |    58 ||   103
       Throw Flame       |     1 |       ||     1
       Conjure Flame     |       |     2 ||     2
  Use: Scroll            |       |     1 ||     1
  Eat: Chunk             |       |     3 ||     3
Armor: Robe              |     1 |     9 ||    10
Dodge: Dodged            |     8 |    32 ||    40
